 Dungeon Crawl Stone Soup version 0.27-a0-46-g34d46f0a3f (webtiles) character file.

Game seed: 15172042278164271491

281 Hiru the Insei (level 6, -7/42 HPs)
             Began as an Octopode Transmuter on Jan 7, 2021.
             Mangled by an ice beast (14 damage)
             ... on level 5 of the Dungeon.
             The game lasted 00:08:56 (4687 turns).

Hiru the Insei (Octopode Transmuter)                Turns: 4687, Time: 00:08:56

Health: -7/42      AC:  1    Str: 10    XL:     6   Next: 27%
Magic:  8/9        EV: 13    Int: 15    God:
Gold:   187        SH:  0    Dex: 14    Spells: 3/9 levels left

rFire    + . .     SeeInvis .     - Unarmed
rCold    . . .     Faith    .   (no shield)
rNeg     . . .     Spirit   .   (helmet currently unavailable)
rPois    .         Reflect  .   (no amulet)
rElec    .         Harm     .   h - ring of protection from fire
rCorr    .         Rampage  .   (no ring)
Will     .....                  (no ring)
Stlth    ++........             (no ring)
HPRegen  0.14/turn              (no ring)
MPRegen  0.11/turn              (no ring)
                                (no ring)
                                (no ring)

@: appendages
A: almost no armour, stealthy swim, amphibious, 8 rings, constrict 8, tentacle
spike 3, camouflage 1, gelatinous body 1
a: End Transformation


You were on level 5 of the Dungeon.
One of your tentacles had a temporary spike.
You visited 1 branch of the dungeon, and saw 5 of its levels.

You collected 187 gold pieces.

Inventory:

Armour
 q - a +0 tower shield
Jewellery
 h - a ring of protection from fire (left tentacle)
Wands
 j - a wand of iceblast (10)
Scrolls
 b - a scroll of random uselessness {unknown}
 e - 5 scrolls of remove curse {unknown}
 f - 5 scrolls of teleportation {unknown}
 g - a scroll of fog {unknown}
 k - a scroll of blinking {unknown}
 l - a scroll of fear {unknown}
 m - a scroll of enchant weapon {unknown}
 n - a scroll of noise {unknown}
 o - a scroll of amnesia {unknown}
 p - a scroll of identify {unknown}
Potions
 a - a potion of mutation {unknown}
 c - a potion of brilliance
 i - a potion of flight {unknown}
 r - a potion of heal wounds {unknown}


   Skills:
 + Level 3.3 Fighting
 - Level 2.0 Dodging
 - Level 0.1 Shields
 + Level 4.4 Unarmed Combat
 - Level 2.0 Spellcasting
 + Level 3.8 Transmutations
 + Level 2.0 Poison Magic


You had 3 spell levels left.
You knew the following spells:

 Your Spells              Type           Power        Failure   Level
a - Beastly Appendage     Tmut           24%          4%          1
b - Wereblood             Tmut           12%          7%          2
c - Spider Form           Tmut/Pois      5%           21%         3

Your spell library contained the following spells:

 Spells                   Type           Power        Failure   Level
 Shock                    Conj/Air       4%           22%         1
 Swiftness                Air            1%           32%         2
 Static Discharge         Conj/Air       1%           54%         3
 Ice Form                 Ice/Tmut       7%           71%         4
 Blade Hands              Tmut           6%           78%         5
 Airstrike                Air            0%           91%         4
 Lightning Bolt           Conj/Air       0%           99%         5


Dungeon Overview and Level Annotations

Branches:
Dungeon (5/15)
 Temple: D:4-7

Altars:
Gozag
Makhleb
Ru
Yredelemnul
Zin


Innate Abilities, Weirdness & Mutations

You cannot wear most types of armour.
You are very stealthy in the water. (Stealth+)
You are amphibious.
You can wear up to eight rings at the same time.
You can use your tentacles to constrict eight enemies at once.
Your skin changes colour to match your surroundings (Stealth+).
Your rubbery body absorbs attacks. (AC +1, EV +1)
One of your tentacles bears a large vicious spike.


Message History

The worker ant is heavily wounded.
You constrict the worker ant, but do no damage.
The worker ant bites you.
You are more poisoned.
The worker ant poisons you!
You are too injured to fight recklessly!
You are too injured to fight recklessly!
You tentacle-slap the worker ant.
You pierce the worker ant.
You kill the worker ant!
You feel sick.
Your Poison Magic skill increases to level 2!
You closely miss the ice beast.
The ice beast is moderately wounded.
You feel sick. The ice beast hits you. The ice beast freezes you!
* * * LOW HITPOINT WARNING * * *
Unknown command.
It was a potion of curing.
You feel better. The ice beast hits you.
* * * LOW HITPOINT WARNING * * *
The ice beast freezes you!
You die...

........##.##.##.##.
...#..####.#####.#
..##..# #.# .# ......#
##+## .....####...##
########.....## .##
##.......## ##
..####.........####...##
.....).........'@Y....$.
..####.........####...##
.## ##?......## ## ##
##.....## ##...## ##+##


You could see an ice beast.

Vanquished Creatures
  Blork the orc (D:5)
  A hound (D:2)
  An orc priest (D:3)
  A worker ant (D:5)
  4 adders
  An ooze (D:1)
  3 worms
  3 dart slugs
  7 orcs
  6 giant cockroaches
  4 goblins
  6 hobgoblins
  2 jackals (D:2)
  2 quokkas
  A ball python (D:2)
  10 bats
  4 frilled lizards
  9 kobolds
  9 rats
75 creatures vanquished.

Notes
Turn   | Place    | Note
-------+----------+-------------------------------------------
     0 | D:1      | Hiru the Octopode Transmuter began the quest for the Orb.
     0 | D:1      | Reached XP level 1. HP: 13/13 MP: 3/3
   164 | D:1      | Reached XP level 2. HP: 11/18 MP: 3/5
   633 | D:1      | Reached XP level 3. HP: 24/24 MP: 3/6
  1016 | D:2      | Learned a level 2 spell: Wereblood
  1215 | D:2      | Found a burning altar of Makhleb.
  1226 | D:2      | Reached XP level 4. HP: 7/29 MP: 7/7
  1945 | D:2      | Found a basalt altar of Yredelemnul.
  2685 | D:3      | Reached skill level 4 in Unarmed Combat
  2685 | D:3      | Reached XP level 5. HP: 32/35 MP: 6/8
  2704 | D:3      | Learned a level 3 spell: Spider Form
  3022 | D:3      | Found a glowing silver altar of Zin.
  3022 | D:3      | Found an opulent altar of Gozag.
  3132 | D:3      | Reached skill level 1 in Poison Magic
  3957 | D:4      | Found a sacrificial altar of Ru.
  4514 | D:5      | Entered Level 5 of the Dungeon
  4539 | D:5      | Noticed Blork the orc
  4548 | D:5      | Killed Blork the orc
  4549 | D:5      | Reached XP level 6. HP: 20/42 MP: 3/9
  4678 | D:5      | Noticed an ice beast
  4686 | D:5      | HP: 1/42 [ice beast (14)]
  4687 | D:5      | Mangled by an ice beast

Illustrated notes

Levels and vault maps discovered:
D:1:      dpeg_arrival_prison, layout_loops_ring, minmay_misc_feat_square
D:2:      layout_loops_corners, makhleb_heckhound_becter, marbit_many_paths,
          kennysheep_donut, corexii_corridor_pit
D:3:      layout_basic, grunt_temple_overflow_gold_and_silver
D:4:      layout_basic, lemuel_round_altar
D:5:      layout_loops_corners, gammafunk_temple_overflow_claw,
          portal_sewer_entry_a, uniq_blork_the_orc

Skill      XL: |  1  2  3  4  5  6 |
---------------+-------------------+-----
Fighting       | 2 3 |  3.3
Transmutations | 3 |  3.8
Unarmed Combat | 4 |  4.4
Poison Magic   | 1 2 |  2.0
Dodging        | |  2.0
Shields        | |  0.1
Spellcasting   | |  2.0

Action                   |  1- 3 |  4- 6 || total
-------------------------+-------+-------++-------
Melee: Unarmed           |    59 |   107 ||   166
       Kick              |    14 |    23 ||    37
       Tentacles         |     4 |    18 ||    22
       Constrict         |    15 |    29 ||    44
       Punch             |     1 |     2 ||     3
 Cast: Beastly Appendage |    21 |    36 ||    57
       Wereblood         |       |     1 ||     1
       Spider Form       |       |     1 ||     1
Evoke: Wand              |       |     1 ||     1
  Use: Potion            |       |     2 ||     2
 Stab: Sleeping          |     7 |     5 ||    12
Armor: Skin              |     6 |     9 ||    15
Dodge: Dodged            |    27 |    61 ||    88

Table legend: (Time is in decaauts)
 A = Elapsed time spent in this place.
 B = Non-inter-level travel time spent in this place.
 C = Inter-level travel time spent in this place.
 D = Time resting spent in this place.
 E = Time spent auto-exploring this place.
 F = Levels seen in this place.
 G = Mean time per level.
                   A        B        C        D        E       F      G
               +--------+--------+--------+--------+--------+-----+--------+
         Total |   4673 |   4592 |     81 |    843 |   3163 |   5 |  934.6 |
       Dungeon |   4673 |   4592 |     81 |    843 |   3163 |   5 |  934.6 |
               +--------+--------+--------+--------+--------+-----+--------+

Top non-repeatable levels by time:
     D:2: 1414 daAuts
     D:3: 1198 daAuts
     D:1: 958 daAuts
     D:4: 929 daAuts
     D:5: 171 daAuts
